 Dungeon Crawl Stone Soup version 0.29-a0-1033-gb6c65ffae6 (webtiles) character file.

Game seed: 5583449679486464090

148 Newt the Cutter (level 5, -1/38 HPs)
             Began as a Demonspawn Gladiator on Aug 14, 2022.
             Killed by divine providence
             ... invoked by an orc priest
              (7 damage)
             ... on level 3 of the Dungeon.
             The game lasted 00:05:19 (2467 turns).

Newt the Cutter (Demonspawn Gladiator)              Turns: 2467, Time: 00:05:19

Health: -1/38      AC:  4    Str: 16    XL:     5   Next: 8%
Magic:  5/5        EV: 12    Int:  9    God:
Gold:   60         SH:  4    Dex: 15    Spells: 4/4 levels left

rFire   + . .      SeeInvis .   a - +0 rapier
rCold   . . .      Faith    .   (no shield)
rNeg    . . .      Spirit   .   b - +0 leather armour
rPois   .          Reflect  .   c - +0 helmet
rElec   .          Harm     .   (no cloak)
rCorr   .          Rampage  .   (no gloves)
Will    .....                   (no boots)
Stlth   ++........              (no amulet)
HPRegen 0.12/turn               i - ring of protection from fire
MPRegen 0.09/turn               (no ring)

@: no status effects
A: condensation shield, demonic touch 1
a: no special abilities


You were on level 3 of the Dungeon.
You visited 1 branch of the dungeon, and saw 3 of its levels.

You collected 60 gold pieces.

Inventory:

Hand Weapons
 a - a +0 rapier (weapon)
Missiles
 d - 2 throwing nets (quivered)
Armour
 b - a +0 leather armour (worn)
 c - a +0 helmet (worn)
 g - a +0 ring mail
Jewellery
 i - a ring of protection from fire (left hand)
Potions
 f - a potion of haste
 h - 2 potions of heal wounds
 j - 2 potions of mutation {unknown}
 k - a potion of flight {unknown}


   Skills:
 - Level 2.0 Fighting
 - Level 4.0 Short Blades
 + Level 3.2 Throwing
 - Level 2.6 Dodging
 - Level 2.0 Stealth


You had 4 spell levels left.
You didn't know any spells.
Your spell library was empty.

Dungeon Overview and Level Annotations

Branches:
Dungeon (3/15)

Altars:


Innate Abilities, Weirdness & Mutations

A meltable shield of frost defends you. (SH +4)
Your touch may inflict minor irresistible damage on your foes.


Message History

No target in view!
A giant cockroach comes into view.
You hit the giant cockroach.
You touch the giant cockroach.
You kill the giant cockroach!
No target in view!
A goblin comes into view. It is wielding a +0 club.
The goblin moves out of view.
A goblin is nearby!
The goblin shouts!
The goblin hits you but does no damage.
You hit the goblin but do no damage.
You touch the goblin.
You kill the goblin!
Things that are here:
a +0 club; a +0 chain mail; a goblin corpse
Found 3 stones.
An orc and 2 orc priests come into view.
There are no items here.
Throw: javelin
Press: ? - help, Q - select action, (/) - cycle Shift-Dir - straight line, f - orc priest
Aim: an orc priest, wielding a +0 dagger and wearing a +0 ring mail (asleep, 98% to hit)
You throw a javelin.
The javelin pierces through the orc priest but does no damage.
The orc priest shouts!
The javelin pierces through the orc!
You kill the orc!
The orc priest calls down the wrath of Beogh upon you.
Beogh smites you!
The orc priest looks braver for a moment.
The orc priest mumbles some strange prayers to Beogh against you.
Beogh smites you!
The orc priest invokes the aid of Beogh against you.
Pain shoots through your body!
* * * LOW HITPOINT WARNING * * *
The orc priest looks satisfied for a moment.
Things that are here:
a +0 club; a +0 chain mail; a goblin corpse
There is a stone staircase leading up here.
The orc priest calls down the wrath of Beogh upon you.
Beogh smites you!
You die...

#.##.####..# #.#
#.##.####..# #.#
#..>.......# #.#
#.##..###.## #.#
#.###.# #.# #.#
####.###.# #.#
######.#
.......#.###.#
#.......
#.........###.####.#
###@.......#...# #.#
#...#.o.o).#.###.#
#.###.##.#.......#
#.# #.##.####.####
###.###.#..# .#
..........## .#
.#..###.#.# .# #.##
#.#.# #.#.#


You could see 2 orc priests.

Vanquished Creatures
  An orc priest (D:3)
  Jessica (D:2)
  An adder (D:2)
  4 gnolls
  2 dart slugs
  3 orcs
  3 endoplasms
  3 giant cockroaches
  2 goblins
  2 hobgoblins
  2 jackals (D:2)
  A quokka (D:2)
  7 ball pythons
  4 bats
  A frilled lizard (D:1)
  2 kobolds (D:1)
  3 rats
42 creatures vanquished.

Notes
Turn   | Place    | Note
-------+----------+-------------------------------------------
     0 | D:1      | Newt the Demonspawn Gladiator began the quest for the Orb.
     0 | D:1      | Reached XP level 1. HP: 16/16 MP: 1/1
   155 | D:1      | Reached skill level 1 in Stealth
   205 | D:1      | Gained mutation: Your touch may inflict minor irresistible
                  | damage on your foes. [demonic ancestry]
   205 | D:1      | Reached XP level 2. HP: 5/22 MP: 2/2
   645 | D:1      | You fall into a shaft and drop 1 floor!
   866 | D:1      | Reached skill level 3 in Short Blades
   866 | D:1      | Reached XP level 3. HP: 27/27 MP: 3/3
  1537 | D:2      | Gained mutation: A meltable shield of frost defends you.
                  | (SH +4) [demonic ancestry]
  1537 | D:2      | Reached XP level 4. HP: 33/33 MP: 4/4
  1663 | D:2      | Reached skill level 4 in Short Blades
  1852 | D:2      | Noticed Jessica
  1854 | D:2      | Killed Jessica
  2376 | D:3      | Reached XP level 5. HP: 38/38 MP: 5/5
  2467 | D:3      | Killed from afar by an orc priest

Illustrated notes

Levels and vault maps discovered:
D:1:      mrwooster_arrival_statue_3, layout_rooms, palyth_stone_intersect,
          hangedman_decor_push
D:2:      layout_basic, minmay_pentomino_v4, uniq_jessica
D:3:      layout_loops_ring, lightli_temple_of_fire,
          ebering_ecumenical_altar_rust

Skill      XL: |  1  2  3  4 |
---------------+-------------+-----
Stealth        | 1 2 |  2.0
Short Blades   | 3 4 |  4.0
Throwing       | 3 |  3.2
Fighting       | |  2.0
Dodging        | |  2.6

Action                   |  1- 3 |  4- 6 || total
-------------------------+-------+-------++-------
Melee: Rapier            |    75 |    32 ||   107
       Touch             |    10 |     6 ||    16
Throw: Throwing net      |     1 |       ||     1
       Javelin           |       |     2 ||     2
  Use: Scroll            |     2 |       ||     2
       Potion            |     1 |       ||     1
 Stab: Sleeping          |     4 |     1 ||     5
Armor: Leather armour    |    17 |     7 ||    24
Dodge: Dodged            |    40 |    15 ||    55
Block: Other             |       |     4 ||     4

Table legend: (Time is in decaauts)
 A = Elapsed time spent in this place.
 B = Non-inter-level travel time spent in this place.
 C = Inter-level travel time spent in this place.
 D = Time resting spent in this place.
 E = Time spent auto-exploring this place.
 F = Levels seen in this place.
 G = Mean time per level.
                   A        B        C        D        E       F      G
               +--------+--------+--------+--------+--------+-----+--------+
         Total |   2476 |   2376 |    100 |   1058 |    798 |   3 |  825.3 |
       Dungeon |   2476 |   2376 |    100 |   1058 |    798 |   3 |  825.3 |
               +--------+--------+--------+--------+--------+-----+--------+

Top non-repeatable levels by time:
     D:2: 1278 daAuts
     D:1: 1063 daAuts
     D:3: 134 daAuts
